cohdb
Replays
Latest Replays
All Replays
Popular Replays
Top Player Replays
Match Explorer
How It Works
Community
CoH3 Stats
Reddit
Sign in to upload your games and track your stats! →
Sign in with Steam
Match 44530609
Unlisted
Match 44530609
Overview
Messages
Build Orders
End
Pioneer Squad
Construct Infanterie Kompanie
MG 42 Machine Gun Team
MG 42 Machine Gun Team
Grenadier Squad
Construct Panzergrenadier Kompanie
Panzergrenadier Squad
251 Medium Carrier
Panzergrenadier Squad
Pak 40 Anti-tank Gun Team
Panzergrenadier Squad
Construct Panzer Kompanie
Sturmpanzer IV Brummbär
Selects Mechanized Battlegroup
Selects Raid Package
Selects StuG Assault Group
Selects Panther Heavy Tank
Panther Heavy Tank
Selects Spotting Scopes
Arturokq
!_MMX_!
WITTMANNS TIGER
diablo009
0
0
Comments
sign in to comment!
No comments posted yet!